 Dungeon Crawl Stone Soup version 0.21.1-1-g345015fe64 (webtiles) character file.

54 Htamos the Chopper (level 4, -4/37 HPs)
             Began as a Formicid Berserker on July 3, 2018.
             Was a Believer of Trog.
             Slain by Natasha (7 damage)
             ... on level 2 of the Dungeon.
             The game lasted 00:04:58 (1248 turns).

Htamos the Chopper (Formicid Berserker)             Turns: 1248, Time: 00:04:59

Health: -4/37      AC:  3    Str: 22    XL:     4   Next: 12%
Magic:  4/4        EV: 12    Int:  7    God:    Trog [**....]
Gold:   42         SH:  0    Dex: 10    Spells: 3/3 levels left

rFire    . . .     SeeInvis +   a - +1 hand axe
rCold    . . .     Gourm    .   (no shield)
rNeg     . . .     Faith    .   b - +0 animal skin
rPois    .         Spirit   .   (helmet unavailable)
rElec    .         Reflect  .   (no cloak)
rCorr    .         Harm     .   (no gloves)
MR       .....                  f - +0 pair of boots
Stlth    +.........             (no amulet)
HPRegen  0.12/turn              (no ring)
MPRegen  0.09/turn              (no ring)

@: flying
A: permanent stasis, dig shafts and tunnels, four strong arms, antennae 3
a: Dig, Shaft Self, Trog's Hand, Burn Spellbooks, Renounce Religion


You were on level 2 of the Dungeon.
You worshipped Trog.
Trog was pleased with you.
You were not hungry.

You visited 1 branch of the dungeon, and saw 2 of its levels.

You collected 42 gold pieces.

Inventory:

Hand Weapons
 a - a +1 hand axe (weapon)
 n - a +2 mace of holy wrath
Armour
 b - a +0 animal skin (worn)
 f - a +0 pair of boots (worn)
Jewellery
 p - a cursed ring of protection from fire {unknown}
Scrolls
 e - a scroll of noise
 m - a scroll of identify {unknown}
Potions
 d - a potion of lignification {unknown}
 g - a potion of magic {unknown}
 h - 2 potions of curing {unknown}
 o - a potion of resistance {unknown}
Comestibles
 c - a ration
 k - a chunk of flesh


   Skills:
 + Level 3.8 Fighting
 * Level 4.0 Axes
 + Level 2.5 Armour
 + Level 2.0 Dodging


You had 3 spell levels left.
You didn't know any spells.

Dungeon Overview and Level Annotations

Branches:
Dungeon (2/15)

Altars:

Annotations:
D:2 Natasha


Innate Abilities, Weirdness & Mutations

You cannot be hasted, slowed, berserked, paralysed or teleported.
You can dig through walls and to a lower floor.
Your four strong arms can wield two-handed weapons with a shield.
You have a pair of large antennae on your head. (SInv)


Message History

It was a scroll of noise.
You hear a bark!
Natasha closely misses you.
As you read the scroll labeled WAD FYCIXI, it crumbles to dust.
It is a scroll of enchant weapon.
Your +0 hand axe glows red for a moment.
Natasha casts a spell at you.
Your stasis prevents you from being slowed.
As you read the scroll labeled WUDOMO ZOAFA, it crumbles to dust.
Your stasis prevents you from teleporting.
It was a scroll of blinking.
Natasha claws you but does no damage.
You barely miss Natasha.
Natasha is moderately wounded.
Natasha claws you!
* * * LOW HITPOINT WARNING * * *
Unknown command.
It was a potion of flight.
You feel very buoyant.
You fly up into the air.
Natasha claws you!
You die...

..≈≈# #..# ..≈≈# #..#
..≈≈# #..# ...≈#
#..######### ....#
#........... ...##
#..........#
.######.########5#
........# #h#
#####...########@#####
#................#
######..########.###.#
.................#
######..##########
##..# #..# ..># ....


You could see Natasha and a crimson imp.

Vanquished Creatures
  An adder (D:2)
  A worm (D:2)
  A dart slug (D:1)
  2 leopard geckos (D:1)
  2 giant cockroaches
  3 goblins
  5 hobgoblins (D:1)
  2 jackals (D:2)
  7 kobolds
  A ball python (D:1)
  4 bats
  4 frilled lizards (D:1)
  4 rats (D:1)
37 creatures vanquished.

Notes
Turn   | Place    | Note
-------+----------+-------------------------------------------
     0 | D:1      | Htamos the Formicid Berserker began the quest for the Orb.
     0 | D:1      | Reached XP level 1. HP: 18/18 MP: 1/1
    62 | D:1      | Reached XP level 2. HP: 21/24 MP: 2/2
   374 | D:1      | Reached XP level 3. HP: 29/29 MP: 3/3
  1061 | D:2      | Reached XP level 4. HP: 37/37 MP: 4/4
  1064 | D:2      | Reached skill level 4 in Axes
  1096 | D:2      | Reached ** piety under Trog
  1235 | D:2      | Noticed Natasha
  1248 | D:2      | Slain by Natasha

Skill      XL: |  1  2  3  4 |
---------------+-------------+-----
Dodging        | 2 |  2.0
Axes           | 4 |  4.0
Fighting       | |  3.8
Armour         | |  2.5

Action                   |  1- 3 |  4- 6 || total
-------------------------+-------+-------++-------
Melee: Hand axe          |    82 |    26 ||   108
 Abil: Dig               |     3 |       ||     3
  Use: Scroll            |       |     3 ||     3
       Potion            |       |     1 ||     1
 Stab: Sleeping          |     1 |       ||     1
  Eat: Chunk             |     1 |       ||     1
Armor: Animal skin       |    21 |     5 ||    26
Dodge: Dodged            |    53 |    20 ||    73
